Red Wings vs Jets (R1)

Created - February 7, 2020 at 20:30

Goals
1 2 3 T
Red Wings 0 1 1 2
Jets 1 2 0 3
Shots
1 2 3 T
Red Wings 8 15 10 33
Jets 9 21 9 39

1st period

1. Jets , Evgeny Dadonov 23 (Sam Gagner 8, Erik Haula 8) at 4:21 (PP)

Penalties :
Alex Picard (Det) for Interference (Minor) at 3:25, Adam Henrique (Det) for Holding Stick (Minor) at 11:17

2nd period

2. Jets , Evgeny Dadonov 24 (Tyler Myers 24, Derek Stepan 45) at 2:42
3. Red Wings , David Krejci 9 (Jiri Fischer 9) at 6:01
4. Jets , Ronalds Kenins 2 (Derek Roy 13) at 18:35

Penalties :
Sam Gagner (Win) for Hooking (Minor) at 16:17

3rd period

5. Red Wings , Alex Picard 9 (David Krejci 9, Jiri Fischer 10) at 14:44

Penalties :
Marcus Johansson (Win) for Interference (Minor) at 1:40, Ronalds Kenins (Win) for Roughing (Minor) at 5:46, Ryan O'Byrne (Det) for Roughing (Minor) at 10:18

Goalie Stats

James Reimer (Det), 36 saves from 39 shots - (0.923), L, 13-15-3, 58:59 minutes
Jonathan Bernier (Win), 31 saves from 33 shots - (0.939), W, 11-11-2, 60:00 minutes

Players Stats for Red Wings

Player Name              G  A  P  +/- PIM S  H  SB GA TA FO     MP     PP MP  PK MP  
------------------------------------------------------------------------------------
Adam Henrique            0  0  0  -1  2   4  1  0  2  0  1/1    19:04   3:01   0:00 
Alex Picard              1  0  1   2  2   7  3  0  1  2  0/0    13:53   2:52   0:28 
Andrew Alberts           0  0  0  -1  0   1  0  0  0  1  0/0    16:58   0:00   2:23 
Carson Mcmillan          0  0  0  -1  0   1  2  0  0  0  0/0    10:21   0:00   2:08 
Connor Brown             0  0  0  -1  0   5  0  0  0  0  0/1    18:49   3:01   0:00 
David Krejci             1  1  2   2  0   3  0  0  0  0  3/10   12:57   0:04   2:17 
Jiri Fischer             0  2  2   1  0   1  1  1  0  1  0/0    21:53   2:19   2:31 
Karl Alzner              0  0  0  -1  0   0  0  0  0  3  0/0    17:38   2:19   0:16 
Michael Haley            0  0  0  -1  0   1  1  0  0  0  0/0    10:28   0:00   2:18 
Mike Richards            0  0  0  -1  0   1  2  0  0  0  13/19  18:49   3:01   0:00 
Nick Bjugstad            0  0  0   0  0   0  1  0  1  0  7/17   17:11   2:52   0:00 
Ole-Kristian Tollefsen   0  0  0   1  0   0  3  2  1  1  0/0    24:24   3:38   2:53 
Peter Worrell            0  0  0   0  0   0  2  0  1  1  1/1    15:13   0:04   0:19 
Petr Pohl                0  0  0   2  0   0  1  1  0  0  0/0    10:37   0:04   0:00 
Philip Samuelsson        0  0  0   0  0   5  0  1  1  0  0/0    21:09   3:38   0:00 
Riley Armstrong          0  0  0  -1  0   3  1  0  0  1  4/13   10:28   0:00   2:18 
Ryan O'Byrne             0  0  0   0  2   0  0  4  0  0  0/0    18:00   0:00   1:45 
Tomas Kopecky            0  0  0   0  0   1  2  1  1  0  0/0    17:11   2:52   0:00 

Players Stats for Jets

Player Name              G  A  P  +/- PIM S  H  SB GA TA FO     MP     PP MP  PK MP  
------------------------------------------------------------------------------------
Brenden Morrow           0  0  0  -1  0   0  0  0  0  0  0/0    10:09   0:00   0:49 
Derek Roy                0  1  1   1  0   2  0  0  1  0  1/3    10:17   0:00   0:34 
Derek Stepan             0  1  1   1  0   3  1  0  2  0  16/27  17:35   3:26   0:00 
Eric Gelinas             0  0  0  -1  0   2  0  1  0  3  0/0    19:06   1:33   2:17 
Erik Haula               0  1  1  -1  0   4  0  1  1  0  4/5    20:27   1:28   3:09 
Evgeny Dadonov           2  0  2   1  0   3  3  0  1  0  1/1    15:09   1:28   0:00 
Jared Spurgeon           0  0  0   0  0   0  0  0  1  1  0/0    12:22   0:00   0:00 
Jason Akeson             0  0  0   1  0   1  2  0  1  0  0/1     9:43   0:00   0:00 
Kevin Hayes              0  0  0  -1  0   1  1  1  2  0  0/0     9:20   0:00   0:00 
Marco Scandella          0  0  0   1  0   5  2  2  0  1  0/0    28:23   3:21   3:40 
Marcus Johansson         0  0  0   1  2   2  1  1  0  1  0/0    18:55   3:26   1:21 
Nino Niederreiter        0  0  0  -1  0   6  2  1  0  1  0/0    21:27   3:26   1:36 
Oscar Klefbom            0  0  0  -1  0   1  0  0  0  0  0/0    16:37   1:33   0:00 
Riley Sheahan            0  0  0  -1  0   0  0  1  0  0  3/8    13:48   0:00   3:11 
Ronalds Kenins           1  0  1   1  2   3  2  0  0  0  1/1     9:53   0:00   0:11 
Sam Gagner               0  1  1  -1  2   2  0  0  0  0  7/16   17:17   1:28   1:03 
Tomas Kundratek          0  0  0   0  0   0  0  0  0  0  0/0    15:00   0:00   2:17 
Tyler Myers              0  1  1   1  0   4  3  4  1  1  0/0    28:32   3:21   3:40 

3 Stars

1 - Evgeny Dadonov (Win)
2 - David Krejci (Det)
3 - Tyler Myers (Win)

Power Play

Red Wings - 0 on 3 Attempt(s) - 0.00%
Jets - 1 on 3 Attempt(s) - 33.33%

Penalty Kill

Red Wings - 2 on 3 Attempt(s) - 66.67% - Score 0 goal in Penalty Kill
Jets - 3 on 3 Attempt(s) - 100.00% - Score 0 goal in Penalty Kill

Team Stat

Red Wings - Hits : 20 - Faceoff Wins : 29 - Blocked Shots : 10 - Penalty Minutes : 6
Jets - Hits : 17 - Faceoff Wins : 33 - Blocked Shots : 12 - Penalty Minutes : 6

Official

Referees : Unknown
Linesman : Unknown

Game Notes

No Game Note

Finance

Level 1 -- Attendance: 5452 (90.87%) -- Ticket Income $567,008
Level 2 -- Attendance: 3778 (75.56%) -- Ticket Income $283,350
Level 3 -- Attendance: 1555 (77.75%) -- Ticket Income $71,530
Level 4 -- Attendance: 3994 (99.85%) -- Ticket Income $107,838
Luxury Box -- Attendance: 757 (75.70%) -- Ticket Income $143,830
Game was played at the MTS Center.
Total Attendance: 15536 (86.31%)
Total Ticket Income: $1,173,556
Other Income: $176,033
Total Income: $1,349,589

Red Wings

5 vs 5 Forward 
   Center                   Left Wing                Right Wing               Time % Phy DF OF 
 1 Mike Richards            Adam Henrique            Connor Brown             38     0   2  3  
 2 Nick Bjugstad            Peter Worrell            Tomas Kopecky            37     0   2  3  
 3 David Krejci             Alex Picard              Petr Pohl                15     0   3  2  
 4 Riley Armstrong          Michael Haley            Carson Mcmillan          10     1   2  2  

5 vs 5 Defense 
   Defense                  Defense                                           Time % Phy DF OF 
 1 Ryan O'Byrne             Philip Samuelsson                                 35     0   3  2  
 2 Ole-Kristian Tollefsen   Jiri Fischer                                      35     0   3  2  
 3 Karl Alzner              Andrew Alberts                                    20     0   3  2  
 4 Karl Alzner              Andrew Alberts                                    10     0   3  2  

PowerPlay Forward 
   Center                   Left Wing                Right Wing               Time % Phy DF OF 
 1 Mike Richards            Adam Henrique            Connor Brown             55     0   1  4  
 2 Nick Bjugstad            Alex Picard              Tomas Kopecky            45     0   1  4  

PowerPlay Defense
   Defense                  Defense                                           Time % Phy DF OF 
 1 Philip Samuelsson        Ole-Kristian Tollefsen                            60     0   2  3  
 2 Jiri Fischer             Karl Alzner                                       40     0   2  3  

Penalty Kill 4 Players Forward 
   Center                   Wing                     Time % Phy DF OF 
 1 David Krejci             Carson Mcmillan          50     1   2  2  
 2 Riley Armstrong          Michael Haley            50     1   2  2  

Penalty Kill 4 Players Defense
   Defense                  Defense                  Time % Phy DF OF 
 1 Ryan O'Byrne             Jiri Fischer             50     1   2  2  
 2 Ole-Kristian Tollefsen   Andrew Alberts           50     1   2  2  

Penalty Kill - 3 Players Forward 
   Forward                                           Time % Phy DF OF 
 1 Carson Mcmillan                                   60     1   2  2  
 2 Michael Haley                                     40     1   2  2  

Penalty Kill - 3 Players Defense
   Defense                  Defense                  Time % Phy DF OF 
 1 Ryan O'Byrne             Jiri Fischer             50     1   2  2  
 2 Philip Samuelsson        Andrew Alberts           50     1   2  2  

4 vs 4 Forward 
   Center                   Wing                     Time % Phy DF OF 
 1 Mike Richards            Adam Henrique            60     1   2  2  
 2 Nick Bjugstad            Connor Brown             40     1   2  2  

4 vs 4 Defense
   Defense                  Defense                  Time % Phy DF OF 
 1 Ryan O'Byrne             Karl Alzner              60     1   2  2  
 2 Ole-Kristian Tollefsen   Philip Samuelsson        40     1   2  2  

Last Minutes Offensive
   Center                   Left Wing                Right Wing               Defense                  Defense                  
   Mike Richards            Adam Henrique            Connor Brown             Ole-Kristian Tollefsen   Philip Samuelsson        

Last Minutes Defensive
   Center                   Left Wing                Right Wing               Defense                  Defense                  
   Riley Armstrong          Michael Haley            Carson Mcmillan          Andrew Alberts           Ryan O'Byrne             

Goaltenders
Starting : James Reimer             
Backup : Josh Harding             

Extra Forwards
Normal : Adam Henrique, Connor Brown, David Krejci - PP : David Krejci, Alex Picard - PK : Alex Picard
Extra Defensemen
Normal : Philip Samuelsson, Ole-Kristian Tollefsen, Karl Alzner - PP : Ryan O'Byrne - PK : Ole-Kristian Tollefsen, Karl Alzner
Penalty Shots
Mike Richards, Carson Mcmillan, Nick Bjugstad, Alex Picard, Adam Henrique

Scratches
Anton Volchenkov (Healthy), Chris Kelly (Healthy), Maxim Lapierre (Healthy)

Jets

5 vs 5 Forward 
   Center                   Left Wing                Right Wing               Time % Phy DF OF 
 1 Derek Stepan             Marcus Johansson         Evgeny Dadonov           35     1   2  2  
 2 Sam Gagner               Erik Haula               Nino Niederreiter        35     1   2  2  
 3 Riley Sheahan            Brenden Morrow           Kevin Hayes              15     1   2  2  
 4 Derek Roy                Ronalds Kenins           Jason Akeson             15     1   2  2  

5 vs 5 Defense 
   Defense                  Defense                                           Time % Phy DF OF 
 1 Marco Scandella          Tyler Myers                                       40     2   2  1  
 2 Eric Gelinas             Oscar Klefbom                                     30     1   2  2  
 3 Jared Spurgeon           Tomas Kundratek                                   20     0   2  3  
 4 Marco Scandella          Tyler Myers                                       10     1   2  2  

PowerPlay Forward 
   Center                   Left Wing                Right Wing               Time % Phy DF OF 
 1 Derek Stepan             Marcus Johansson         Nino Niederreiter        60     1   0  4  
 2 Sam Gagner               Erik Haula               Evgeny Dadonov           40     0   0  5  

PowerPlay Defense
   Defense                  Defense                                           Time % Phy DF OF 
 1 Marco Scandella          Tyler Myers                                       60     0   1  4  
 2 Eric Gelinas             Oscar Klefbom                                     40     1   2  2  

Penalty Kill 4 Players Forward 
   Center                   Wing                     Time % Phy DF OF 
 1 Erik Haula               Riley Sheahan            60     1   3  1  
 2 Riley Sheahan            Nino Niederreiter        40     2   3  0  

Penalty Kill 4 Players Defense
   Defense                  Defense                  Time % Phy DF OF 
 1 Marco Scandella          Tyler Myers              60     1   4  0  
 2 Tomas Kundratek          Eric Gelinas             40     1   4  0  

Penalty Kill - 3 Players Forward 
   Forward                                           Time % Phy DF OF 
 1 Erik Haula                                        60     0   4  1  
 2 Nino Niederreiter                                 40     0   4  1  

Penalty Kill - 3 Players Defense
   Defense                  Defense                  Time % Phy DF OF 
 1 Marco Scandella          Tyler Myers              60     0   4  1  
 2 Eric Gelinas             Tomas Kundratek          40     0   4  1  

4 vs 4 Forward 
   Center                   Wing                     Time % Phy DF OF 
 1 Derek Stepan             Marcus Johansson         60     1   2  2  
 2 Sam Gagner               Evgeny Dadonov           40     1   2  2  

4 vs 4 Defense
   Defense                  Defense                  Time % Phy DF OF 
 1 Marco Scandella          Eric Gelinas             60     1   2  2  
 2 Tyler Myers              Oscar Klefbom            40     1   2  2  

Last Minutes Offensive
   Center                   Left Wing                Right Wing               Defense                  Defense                  
   Derek Stepan             Marcus Johansson         Evgeny Dadonov           Oscar Klefbom            Marco Scandella          

Last Minutes Defensive
   Center                   Left Wing                Right Wing               Defense                  Defense                  
   Riley Sheahan            Erik Haula               Nino Niederreiter        Marco Scandella          Tyler Myers              

Goaltenders
Starting : Jonathan Bernier         
Backup : Kari Lehtonen            

Extra Forwards
Normal : Nino Niederreiter, Erik Haula, Derek Roy - PP : Derek Stepan, Nino Niederreiter - PK : Nino Niederreiter
Extra Defensemen
Normal : Tyler Myers, Marco Scandella, Eric Gelinas - PP : Tyler Myers - PK : Marco Scandella, Eric Gelinas
Penalty Shots
Evgeny Dadonov, Erik Haula, Riley Sheahan, Sam Gagner, Marcus Johansson

Scratches
Jacob Trouba (Torso Injury)

% Time on Ice - Red Wings

Lines # - Real PCT - Wanted PCT - Time Play
Normal Forward
1 - 32% - 38% - 15:09
2 - 30% - 37% - 14:19
3 - 21% - 15% - 10:18
4 - 17% - 10% - 8:10
Normal Defense
1 - 36% - 35% - 17:04
2 - 36% - 35% - 17:06
3 - 21% - 20% - 10:09
4 - 8% - 10% - 3:37
PP Forward
1 - 52% - 55% - 3:05
2 - 48% - 45% - 2:52
PP Defense
1 - 61% - 60% - 3:38
2 - 39% - 40% - 2:19
PK Forward
1 - 50% - 50% - 2:26
2 - 50% - 50% - 2:28
PK Defense
1 - 51% - 50% - 2:31
2 - 49% - 50% - 2:23
PK3 Forward
1 - 0% - 60%
2 - 0% - 40%
PK3 Defense
1 - 0% - 50%
2 - 0% - 50%
44 Forward
1 - 0% - 60%
2 - 0% - 40%
44 Defense
1 - 0% - 60%
2 - 0% - 40%
Last Minute Offensive  - 1:13
Last Minute Defensive  - 0:00
Total
Forward - 60:00
Defense - 60:00

% Time on Ice - Jets

Lines # - Real PCT - Wanted PCT - Time Play
Normal Forward
1 - 30% - 35% - 14:16
2 - 31% - 35% - 14:40
3 - 19% - 15% - 9:20
4 - 20% - 15% - 9:43
Normal Defense
1 - 38% - 40% - 18:09
2 - 32% - 30% - 15:25
3 - 26% - 20% - 12:22
4 - 4% - 10% - 2:03
PP Forward
1 - 70% - 60% - 3:26
2 - 30% - 40% - 1:28
PP Defense
1 - 68% - 60% - 3:21
2 - 32% - 40% - 1:33
PK Forward
1 - 97% - 60% - 5:46
2 - 3% - 40% - 0:11
PK Defense
1 - 62% - 60% - 3:40
2 - 38% - 40% - 2:17
PK3 Forward
1 - 0% - 60%
2 - 0% - 40%
PK3 Defense
1 - 0% - 60%
2 - 0% - 40%
44 Forward
1 - 0% - 60%
2 - 0% - 40%
44 Defense
1 - 0% - 60%
2 - 0% - 40%
Last Minute Offensive  - 0:00
Last Minute Defensive  - 1:10
Total
Forward - 60:00
Defense - 60:00

Play-by-Play

1st period


0:01 of 1st period - Derek Stepan wins face-off versus Connor Brown in neutral zone.
0:47 of 1st period - Icing by Ryan O'Byrne.
0:48 of 1st period - David Krejci wins face-off versus Riley Sheahan in Red Wings zone.
1:22 of 1st period - Jared Spurgeon is hit by Riley Armstrong and loses puck.
1:37 of 1st period - Tomas Kundratek is hit by Tomas Kopecky and loses puck.
1:46 of 1st period - Snap shot by Tomas Kopecky.
1:46 of 1st period - Stopped by Jonathan Bernier without a rebound.
1:47 of 1st period - Sam Gagner wins face-off versus Mike Richards in Jets zone.
1:58 of 1st period - Wrist shot by Connor Brown.
1:58 of 1st period - Stopped by Jonathan Bernier with a rebound.
2:00 of 1st period - Slapshot by Ole-Kristian Tollefsen.
2:00 of 1st period - Shot Blocked by Tyler Myers.
2:04 of 1st period - Wrist shot by Adam Henrique.
2:04 of 1st period - Stopped by Jonathan Bernier without a rebound.
2:05 of 1st period - Peter Worrell wins face-off versus Derek Stepan in Jets zone.
2:54 of 1st period - Slapshot by Kevin Hayes.
2:54 of 1st period - Shot Misses the Net.
2:56 of 1st period - Slapshot by Jared Spurgeon.
2:56 of 1st period - Deflect By Brenden Morrow.
2:56 of 1st period - Shot Blocked by Jiri Fischer.
2:56 of 1st period - Puck is out of play.
2:57 of 1st period - Riley Sheahan wins face-off versus Nick Bjugstad in Red Wings zone.
3:25 of 1st period - Minor Penalty to Alex Picard for Interference.
3:26 of 1st period - Derek Stepan wins face-off versus David Krejci in Red Wings zone.
3:28 of 1st period - Snap shot by Marcus Johansson.
3:28 of 1st period - Deflect By Nino Niederreiter.
3:28 of 1st period - Stopped by James Reimer with a rebound.
3:30 of 1st period - Snap shot by Marcus Johansson.
3:30 of 1st period - Stopped by James Reimer without a rebound.
3:31 of 1st period - David Krejci wins face-off versus Derek Stepan in Red Wings zone.
3:45 of 1st period - Icing by Nino Niederreiter.
3:46 of 1st period - Derek Stepan wins face-off versus Riley Armstrong in Jets zone.
3:50 of 1st period - Off-side.
3:51 of 1st period - Riley Armstrong wins face-off versus Derek Stepan in neutral zone.
4:02 of 1st period - Wrist shot by Riley Armstrong.
4:02 of 1st period - Shot Blocked by Nino Niederreiter.
4:09 of 1st period - Off-side.
4:10 of 1st period - Sam Gagner wins face-off versus David Krejci in neutral zone.
4:21 of 1st period - Slapshot by Evgeny Dadonov.
4:21 of 1st period - Goal by Evgeny Dadonov - Red Wings : 0 - Jets : 1.
4:22 of 1st period - Erik Haula wins face-off versus Mike Richards in neutral zone.
5:03 of 1st period - Tomas Kopecky is hit by Evgeny Dadonov and loses puck.
5:57 of 1st period - Oscar Klefbom is hit by Mike Richards and loses puck.
7:52 of 1st period - Icing by Ole-Kristian Tollefsen.
7:53 of 1st period - Riley Sheahan wins face-off versus Riley Armstrong in Red Wings zone.
7:58 of 1st period - Slapshot by Brenden Morrow.
7:58 of 1st period - Deflect By Kevin Hayes.
7:58 of 1st period - Stopped by James Reimer without a rebound.
7:59 of 1st period - Riley Armstrong wins face-off versus Riley Sheahan in Red Wings zone.
8:23 of 1st period - Riley Sheahan is hit by Carson Mcmillan.
8:29 of 1st period - Philip Samuelsson is hit by Marco Scandella and loses puck.
8:36 of 1st period - Snap shot by Kevin Hayes.
8:36 of 1st period - Shot Blocked by Ryan O'Byrne.
8:38 of 1st period - Slapshot by Tyler Myers.
8:38 of 1st period - Stopped by James Reimer with a rebound.
8:40 of 1st period - Slapshot by Tyler Myers.
8:40 of 1st period - Shot Misses the Net.
8:50 of 1st period - Backhand shot by Kevin Hayes.
8:50 of 1st period - Shot Blocked by Ryan O'Byrne.
9:18 of 1st period - Slapshot by Riley Armstrong.
9:18 of 1st period - Stopped by Jonathan Bernier with a rebound.
9:30 of 1st period - Snap shot by Carson Mcmillan.
9:30 of 1st period - Shot Misses the Net.
9:34 of 1st period - Wrist shot by Riley Armstrong.
9:34 of 1st period - Stopped by Jonathan Bernier without a rebound.
9:35 of 1st period - Mike Richards wins face-off versus Sam Gagner in Jets zone.
9:36 of 1st period - Wrist shot by Adam Henrique.
9:36 of 1st period - Shot Misses the Net.
9:38 of 1st period - Wrist shot by Connor Brown.
9:38 of 1st period - Stopped by Jonathan Bernier with a rebound.
11:17 of 1st period - Minor Penalty to Adam Henrique for Holding Stick.
11:18 of 1st period - David Krejci wins face-off versus Derek Stepan in Red Wings zone.
11:55 of 1st period - Tyler Myers is hit by Ole-Kristian Tollefsen and loses puck.
13:15 of 1st period - Nino Niederreiter is hit by Alex Picard and loses puck.
13:17 of 1st period - Penalty to Adam Henrique is over, Adam Henrique is back on ice.
13:32 of 1st period - Slapshot by Adam Henrique.
13:32 of 1st period - Stopped by Jonathan Bernier without a rebound.
13:33 of 1st period - Mike Richards wins face-off versus Jason Akeson in Jets zone.
13:40 of 1st period - Adam Henrique is hit by Ronalds Kenins and loses puck.
14:03 of 1st period - Slapshot by Riley Sheahan.
14:03 of 1st period - Deflect By Brenden Morrow.
14:03 of 1st period - Shot Blocked by Philip Samuelsson.
14:03 of 1st period - Puck is out of play.
14:04 of 1st period - Nick Bjugstad wins face-off versus Riley Sheahan in Red Wings zone.
14:15 of 1st period - Andrew Alberts is hit by Marco Scandella and loses puck.
14:22 of 1st period - Slapshot by Marco Scandella.
14:22 of 1st period - Stopped by James Reimer with a rebound.
14:24 of 1st period - Snap shot by Brenden Morrow.
14:24 of 1st period - Shot Misses the Net.
14:26 of 1st period - Slapshot by Marco Scandella.
14:26 of 1st period - Stopped by James Reimer without a rebound.
14:27 of 1st period - Mike Richards wins face-off versus Sam Gagner in Red Wings zone.
15:08 of 1st period - Adam Henrique is hit by Jason Akeson and loses puck.
15:41 of 1st period - Slapshot by Connor Brown.
15:41 of 1st period - Shot Misses the Net.
15:55 of 1st period - Snap shot by Adam Henrique.
15:55 of 1st period - Shot Blocked by Marco Scandella.
15:57 of 1st period - Snap shot by Andrew Alberts.
15:57 of 1st period - Stopped by Jonathan Bernier without a rebound.
15:58 of 1st period - Derek Stepan wins face-off versus Nick Bjugstad in Jets zone.
16:24 of 1st period - Petr Pohl is hit by Ronalds Kenins and loses puck.
16:33 of 1st period - Snap shot by Ronalds Kenins.
16:33 of 1st period - Stopped by James Reimer with a rebound.
16:35 of 1st period - Wrist shot by Derek Roy.
16:35 of 1st period - Stopped by James Reimer with a rebound.
16:59 of 1st period - Tyler Myers is hit by Alex Picard and loses puck.
17:42 of 1st period - Carson Mcmillan is hit by Kevin Hayes and loses puck.
19:11 of 1st period - Marco Scandella is hit by Carson Mcmillan and loses puck.
Goals for this period are 0 for Red Wings vs 1 for Jets.
Shots for this period are 8 for Red Wings vs 9 for Jets.

2nd period


0:01 of 2nd period - Derek Stepan wins face-off versus Nick Bjugstad in neutral zone.
0:25 of 2nd period - Adam Henrique is hit by Nino Niederreiter and loses puck.
1:07 of 2nd period - Tomas Kundratek is hit by Ole-Kristian Tollefsen and loses puck.
1:59 of 2nd period - Snap shot by Derek Roy.
1:59 of 2nd period - Stopped by James Reimer with a rebound.
2:04 of 2nd period - Off-side.
2:05 of 2nd period - Nick Bjugstad wins face-off versus Derek Stepan in neutral zone.
2:14 of 2nd period - Slapshot by Evgeny Dadonov.
2:14 of 2nd period - Shot Misses the Net.
2:40 of 2nd period - Snap shot by Derek Stepan.
2:40 of 2nd period - Stopped by James Reimer with a rebound.
2:42 of 2nd period - Slapshot by Tyler Myers.
2:42 of 2nd period - Deflect By Evgeny Dadonov.
2:42 of 2nd period - Goal by Evgeny Dadonov - Red Wings : 0 - Jets : 2.
2:43 of 2nd period - Nick Bjugstad wins face-off versus Sam Gagner in neutral zone.
2:48 of 2nd period - Snap shot by Nino Niederreiter.
2:48 of 2nd period - Shot Misses the Net.
2:50 of 2nd period - Slapshot by Eric Gelinas.
2:50 of 2nd period - Stopped by James Reimer with a rebound.
2:52 of 2nd period - Snap shot by Sam Gagner.
2:52 of 2nd period - Shot Blocked by Ryan O'Byrne.
2:54 of 2nd period - Snap shot by Erik Haula.
2:54 of 2nd period - Shot Blocked by Tomas Kopecky.
2:56 of 2nd period - Snap shot by Nino Niederreiter.
2:56 of 2nd period - Shot Misses the Net.
2:58 of 2nd period - Wrist shot by Sam Gagner.
2:58 of 2nd period - Stopped by James Reimer without a rebound.
2:59 of 2nd period - Mike Richards wins face-off versus Derek Stepan in Red Wings zone.
3:06 of 2nd period - Slapshot by Connor Brown.
3:06 of 2nd period - Stopped by Jonathan Bernier without a rebound.
3:07 of 2nd period - Mike Richards wins face-off versus Derek Stepan in Jets zone.
3:08 of 2nd period - Snap shot by Connor Brown.
3:08 of 2nd period - Deflect By Adam Henrique.
3:08 of 2nd period - Shot Misses the Net.
3:08 of 2nd period - Puck is out of play.
3:09 of 2nd period - Mike Richards wins face-off versus Derek Stepan in Jets zone.
3:22 of 2nd period - Snap shot by Adam Henrique.
3:22 of 2nd period - Shot Blocked by Tyler Myers.
3:24 of 2nd period - Snap shot by Adam Henrique.
3:24 of 2nd period - Shot Misses the Net.
3:40 of 2nd period - Snap shot by Mike Richards.
3:40 of 2nd period - Shot Misses the Net.
3:42 of 2nd period - Slapshot by Philip Samuelsson.
3:42 of 2nd period - Deflect By Derek Stepan.
3:42 of 2nd period - Stopped by Jonathan Bernier with a rebound.
3:44 of 2nd period - Wrist shot by Mike Richards.
3:44 of 2nd period - Stopped by Jonathan Bernier with a rebound.
4:48 of 2nd period - Wrist shot by Connor Brown.
4:48 of 2nd period - Stopped by Jonathan Bernier without a rebound.
4:49 of 2nd period - Sam Gagner wins face-off versus Nick Bjugstad in Jets zone.
5:18 of 2nd period - Wrist shot by Carson Mcmillan.
5:18 of 2nd period - Shot Misses the Net.
5:30 of 2nd period - Wrist shot by Erik Haula.
5:30 of 2nd period - Stopped by James Reimer with a rebound.
5:32 of 2nd period - Slapshot by Eric Gelinas.
5:32 of 2nd period - Deflect By Carson Mcmillan.
5:32 of 2nd period - Stopped by James Reimer with a rebound.
5:34 of 2nd period - Wrist shot by Sam Gagner.
5:34 of 2nd period - Deflect By Carson Mcmillan.
5:34 of 2nd period - Stopped by James Reimer without a rebound.
5:35 of 2nd period - Derek Roy wins face-off versus Nick Bjugstad in Red Wings zone.
5:44 of 2nd period - Tomas Kundratek is hit by Jiri Fischer and loses puck.
5:49 of 2nd period - Wrist shot by Nick Bjugstad.
5:49 of 2nd period - Shot Misses the Net.
6:01 of 2nd period - Wrist shot by David Krejci.
6:01 of 2nd period - Goal by David Krejci - Red Wings : 1 - Jets : 2.
6:02 of 2nd period - Nick Bjugstad wins face-off versus Sam Gagner in neutral zone.
6:07 of 2nd period - Wrist shot by Eric Gelinas.
6:07 of 2nd period - Shot Misses the Net.
6:27 of 2nd period - Petr Pohl is hit by Derek Stepan and loses puck.
6:38 of 2nd period - Snap shot by Evgeny Dadonov.
6:38 of 2nd period - Stopped by James Reimer without a rebound.
6:39 of 2nd period - Nick Bjugstad wins face-off versus Sam Gagner in Red Wings zone.
7:36 of 2nd period - Slapshot by Carson Mcmillan.
7:36 of 2nd period - Shot Misses the Net.
7:38 of 2nd period - Snap shot by Riley Armstrong.
7:38 of 2nd period - Stopped by Jonathan Bernier with a rebound.
7:54 of 2nd period - Snap shot by Alex Picard.
7:54 of 2nd period - Stopped by Jonathan Bernier with a rebound.
7:56 of 2nd period - Wrist shot by Alex Picard.
7:56 of 2nd period - Stopped by Jonathan Bernier with a rebound.
8:22 of 2nd period - Snap shot by David Krejci.
8:22 of 2nd period - Stopped by Jonathan Bernier without a rebound.
8:23 of 2nd period - Sam Gagner wins face-off versus Nick Bjugstad in Jets zone.
8:23 of 2nd period - Sam Gagner is hit by Ole-Kristian Tollefsen.
8:33 of 2nd period - Slapshot by Nino Niederreiter.
8:33 of 2nd period - Stopped by James Reimer with a rebound.
9:05 of 2nd period - Snap shot by Erik Haula.
9:05 of 2nd period - Shot Blocked by Ole-Kristian Tollefsen.
9:32 of 2nd period - Nino Niederreiter is hit by Tomas Kopecky and loses puck.
10:53 of 2nd period - Wrist shot by Nino Niederreiter.
10:53 of 2nd period - Stopped by James Reimer with a rebound.
10:55 of 2nd period - Slapshot by Tyler Myers.
10:55 of 2nd period - Shot Misses the Net.
10:57 of 2nd period - Slapshot by Tyler Myers.
10:57 of 2nd period - Shot Blocked by Ryan O'Byrne.
10:59 of 2nd period - Snap shot by Tyler Myers.
10:59 of 2nd period - Stopped by James Reimer with a rebound.
11:01 of 2nd period - Wrist shot by Erik Haula.
11:01 of 2nd period - Stopped by James Reimer with a rebound.
11:03 of 2nd period - Slapshot by Erik Haula.
11:03 of 2nd period - Stopped by James Reimer with a rebound.
11:05 of 2nd period - Slapshot by Tyler Myers.
11:05 of 2nd period - Shot Misses the Net.
11:07 of 2nd period - Backhand shot by Marco Scandella.
11:07 of 2nd period - Stopped by James Reimer with a rebound.
11:09 of 2nd period - Slapshot by Marco Scandella.
11:09 of 2nd period - Stopped by James Reimer with a rebound.
11:11 of 2nd period - Snap shot by Tyler Myers.
11:11 of 2nd period - Stopped by James Reimer with a rebound.
11:23 of 2nd period - Snap shot by Nino Niederreiter.
11:23 of 2nd period - Stopped by James Reimer without a rebound.
11:24 of 2nd period - Mike Richards wins face-off versus Derek Stepan in Red Wings zone.
12:20 of 2nd period - Snap shot by Alex Picard.
12:20 of 2nd period - Stopped by Jonathan Bernier without a rebound.
12:21 of 2nd period - Evgeny Dadonov wins face-off versus David Krejci in Jets zone.
14:49 of 2nd period - Off-side.
14:50 of 2nd period - Derek Stepan wins face-off versus David Krejci in neutral zone.
14:55 of 2nd period - Backhand shot by Oscar Klefbom.
14:55 of 2nd period - Stopped by James Reimer with a rebound.
15:13 of 2nd period - Wrist shot by Derek Roy.
15:13 of 2nd period - Shot Blocked by Petr Pohl.
15:15 of 2nd period - Snap shot by Jason Akeson.
15:15 of 2nd period - Shot Hit the Post.
15:31 of 2nd period - Slapshot by Carson Mcmillan.
15:31 of 2nd period - Stopped by Jonathan Bernier without a rebound.
15:32 of 2nd period - Mike Richards wins face-off versus Derek Stepan in Jets zone.
15:33 of 2nd period - Wrist shot by Adam Henrique.
15:33 of 2nd period - Shot Misses the Net.
16:08 of 2nd period - Backhand shot by Michael Haley.
16:08 of 2nd period - Stopped by Jonathan Bernier with a rebound.
16:10 of 2nd period - Snap shot by Michael Haley.
16:10 of 2nd period - Deflect By Carson Mcmillan.
16:10 of 2nd period - Shot Misses the Net.
16:10 of 2nd period - Puck is out of play.
16:11 of 2nd period - Nick Bjugstad wins face-off versus Sam Gagner in Jets zone.
16:17 of 2nd period - Minor Penalty to Sam Gagner for Hooking.
16:18 of 2nd period - Erik Haula wins face-off versus Mike Richards in Jets zone.
18:17 of 2nd period - Penalty to Sam Gagner is over, Sam Gagner is back on ice.
18:29 of 2nd period - Wrist shot by Marco Scandella.
18:29 of 2nd period - Stopped by James Reimer without a rebound.
18:30 of 2nd period - Ronalds Kenins wins face-off versus Riley Armstrong in Red Wings zone.
18:35 of 2nd period - Wrist shot by Derek Roy.
18:35 of 2nd period - Deflect By Ronalds Kenins.
18:35 of 2nd period - Goal by Ronalds Kenins - Red Wings : 1 - Jets : 3.
18:36 of 2nd period - Adam Henrique wins face-off versus Sam Gagner in neutral zone.
19:03 of 2nd period - Andrew Alberts is hit by Evgeny Dadonov and loses puck.
19:30 of 2nd period - Riley Sheahan is hit by Petr Pohl and loses puck.
19:47 of 2nd period - Wrist shot by Philip Samuelsson.
19:47 of 2nd period - Stopped by Jonathan Bernier with a rebound.
19:49 of 2nd period - Slapshot by Philip Samuelsson.
19:49 of 2nd period - Stopped by Jonathan Bernier with a rebound.
19:51 of 2nd period - Snap shot by Philip Samuelsson.
19:51 of 2nd period - Stopped by Jonathan Bernier with a rebound.
Goals for this period are 1 for Red Wings vs 2 for Jets.
Shots for this period are 15 for Red Wings vs 21 for Jets.

3rd period


0:01 of 3rd period - Mike Richards wins face-off versus Sam Gagner in neutral zone.
0:26 of 3rd period - Peter Worrell is hit by Marcus Johansson and loses puck.
1:40 of 3rd period - Minor Penalty to Marcus Johansson for Interference.
1:41 of 3rd period - Erik Haula wins face-off versus Nick Bjugstad in Jets zone.
1:51 of 3rd period - Wrist shot by Alex Picard.
1:51 of 3rd period - Shot Misses the Net.
1:53 of 3rd period - Snap shot by Alex Picard.
1:53 of 3rd period - Shot Misses the Net.
1:55 of 3rd period - Slapshot by Philip Samuelsson.
1:55 of 3rd period - Stopped by Jonathan Bernier with a rebound.
1:57 of 3rd period - Wrist shot by Alex Picard.
1:57 of 3rd period - Stopped by Jonathan Bernier without a rebound.
1:58 of 3rd period - Erik Haula wins face-off versus Mike Richards in Jets zone.
3:40 of 3rd period - Penalty to Marcus Johansson is over, Marcus Johansson is back on ice.
4:35 of 3rd period - Snap shot by Alex Picard.
4:35 of 3rd period - Shot Misses the Net.
4:37 of 3rd period - Wrist shot by Alex Picard.
4:37 of 3rd period - Shot Blocked by Erik Haula.
4:39 of 3rd period - Slapshot by David Krejci.
4:39 of 3rd period - Stopped by Jonathan Bernier without a rebound.
4:40 of 3rd period - Derek Stepan wins face-off versus Nick Bjugstad in Jets zone.
5:30 of 3rd period - Ole-Kristian Tollefsen is hit by Jason Akeson and loses puck.
5:39 of 3rd period - Derek Roy is hit by Alex Picard and loses puck.
5:46 of 3rd period - Minor Penalty to Ronalds Kenins for Roughing.
5:47 of 3rd period - Mike Richards wins face-off versus Erik Haula in Jets zone.
6:24 of 3rd period - Erik Haula is hit by Nick Bjugstad and loses puck.
7:46 of 3rd period - Penalty to Ronalds Kenins is over, Ronalds Kenins is back on ice.
7:56 of 3rd period - Jason Akeson is hit by Peter Worrell and loses puck.
8:42 of 3rd period - Petr Pohl is hit by Nino Niederreiter and loses puck.
9:16 of 3rd period - Connor Brown is hit by Tyler Myers and loses puck.
9:32 of 3rd period - Off-side.
9:33 of 3rd period - Riley Armstrong wins face-off versus Derek Roy in neutral zone.
9:54 of 3rd period - Slapshot by Ronalds Kenins.
9:54 of 3rd period - Stopped by James Reimer without a rebound.
9:55 of 3rd period - Sam Gagner wins face-off versus Nick Bjugstad in Red Wings zone.
10:18 of 3rd period - Minor Penalty to Ryan O'Byrne for Roughing.
10:19 of 3rd period - Derek Stepan wins face-off versus Riley Armstrong in Red Wings zone.
10:26 of 3rd period - Snap shot by Derek Stepan.
10:26 of 3rd period - Deflect By Ole-Kristian Tollefsen.
10:26 of 3rd period - Shot Misses the Net.
10:26 of 3rd period - Puck is out of play.
10:27 of 3rd period - Derek Stepan wins face-off versus Riley Armstrong in Red Wings zone.
10:28 of 3rd period - Slapshot by Nino Niederreiter.
10:28 of 3rd period - Shot Misses the Net.
10:49 of 3rd period - Marcus Johansson is hit by Michael Haley and loses puck.
10:57 of 3rd period - Off-side.
10:58 of 3rd period - Sam Gagner wins face-off versus David Krejci in neutral zone.
11:06 of 3rd period - David Krejci is hit by Evgeny Dadonov and loses puck.
11:13 of 3rd period - Snap shot by Sam Gagner.
11:13 of 3rd period - Shot Blocked by Ole-Kristian Tollefsen.
11:15 of 3rd period - Slapshot by Erik Haula.
11:15 of 3rd period - Stopped by James Reimer with a rebound.
11:27 of 3rd period - Slapshot by Marcus Johansson.
11:27 of 3rd period - Stopped by James Reimer without a rebound.
11:28 of 3rd period - Derek Stepan wins face-off versus Riley Armstrong in Red Wings zone.
11:31 of 3rd period - Slapshot by Derek Stepan.
11:31 of 3rd period - Stopped by James Reimer without a rebound.
11:32 of 3rd period - Derek Stepan wins face-off versus Riley Armstrong in Red Wings zone.
11:43 of 3rd period - Slapshot by Derek Stepan.
11:43 of 3rd period - Stopped by James Reimer without a rebound.
11:44 of 3rd period - Derek Stepan wins face-off versus Riley Armstrong in Red Wings zone.
11:53 of 3rd period - Wrist shot by Nino Niederreiter.
11:53 of 3rd period - Stopped by James Reimer without a rebound.
11:54 of 3rd period - Derek Stepan wins face-off versus Riley Armstrong in Red Wings zone.
12:03 of 3rd period - Riley Armstrong is hit by Tyler Myers and loses puck.
12:08 of 3rd period - Snap shot by Nino Niederreiter.
12:08 of 3rd period - Stopped by James Reimer with a rebound.
12:10 of 3rd period - Slapshot by Marco Scandella.
12:10 of 3rd period - Deflect By Nino Niederreiter.
12:10 of 3rd period - Shot Misses the Net.
12:10 of 3rd period - Puck is out of play.
12:11 of 3rd period - Derek Stepan wins face-off versus David Krejci in Red Wings zone.
12:18 of 3rd period - Penalty to Ryan O'Byrne is over, Ryan O'Byrne is back on ice.
12:18 of 3rd period - Wrist shot by Marcus Johansson.
12:18 of 3rd period - Shot Misses the Net.
12:20 of 3rd period - Slapshot by Tyler Myers.
12:20 of 3rd period - Stopped by James Reimer without a rebound.
12:21 of 3rd period - Derek Stepan wins face-off versus Mike Richards in Red Wings zone.
12:29 of 3rd period - Slapshot by Ole-Kristian Tollefsen.
12:29 of 3rd period - Deflect By Mike Richards.
12:29 of 3rd period - Shot Blocked by Tyler Myers.
12:29 of 3rd period - Puck is out of play.
12:30 of 3rd period - Mike Richards wins face-off versus Sam Gagner in Jets zone.
12:37 of 3rd period - Marco Scandella is hit by Adam Henrique and loses puck.
12:46 of 3rd period - Wrist shot by Connor Brown.
12:46 of 3rd period - Shot Blocked by Marco Scandella.
12:48 of 3rd period - Backhand shot by Adam Henrique.
12:48 of 3rd period - Shot Hit the Post.
13:10 of 3rd period - Wrist shot by Tomas Kopecky.
13:10 of 3rd period - Shot Blocked by Tyler Myers.
13:27 of 3rd period - Snap shot by Petr Pohl.
13:27 of 3rd period - Deflect By Alex Picard.
13:27 of 3rd period - Shot Misses the Net.
13:27 of 3rd period - Puck is out of play.
13:28 of 3rd period - Sam Gagner wins face-off versus David Krejci in Jets zone.
14:22 of 3rd period - Snap shot by Alex Picard.
14:22 of 3rd period - Stopped by Jonathan Bernier with a rebound.
14:24 of 3rd period - Wrist shot by Alex Picard.
14:24 of 3rd period - Stopped by Jonathan Bernier with a rebound.
14:26 of 3rd period - Slapshot by Ole-Kristian Tollefsen.
14:26 of 3rd period - Shot Misses the Net.
14:28 of 3rd period - Wrist shot by Jiri Fischer.
14:28 of 3rd period - Stopped by Jonathan Bernier with a rebound.
14:30 of 3rd period - Slapshot by Alex Picard.
14:30 of 3rd period - Shot Hit the Post.
14:32 of 3rd period - Slapshot by Ole-Kristian Tollefsen.
14:32 of 3rd period - Shot Misses the Net.
14:38 of 3rd period - Slapshot by David Krejci.
14:38 of 3rd period - Shot Blocked by Eric Gelinas.
14:44 of 3rd period - Snap shot by Alex Picard.
14:44 of 3rd period - Goal by Alex Picard - Red Wings : 2 - Jets : 3.
14:45 of 3rd period - Derek Stepan wins face-off versus Nick Bjugstad in neutral zone.
14:52 of 3rd period - Slapshot by Tomas Kopecky.
14:52 of 3rd period - Shot Blocked by Marcus Johansson.
15:20 of 3rd period - Icing by Andrew Alberts.
15:21 of 3rd period - Mike Richards wins face-off versus Riley Sheahan in Red Wings zone.
16:07 of 3rd period - Slapshot by Adam Henrique.
16:07 of 3rd period - Stopped by Jonathan Bernier with a rebound.
16:09 of 3rd period - Slapshot by Karl Alzner.
16:09 of 3rd period - Shot Blocked by Riley Sheahan.
16:30 of 3rd period - Wrist shot by Adam Henrique.
16:30 of 3rd period - Shot Blocked by Kevin Hayes.
16:50 of 3rd period - Wrist shot by Connor Brown.
16:50 of 3rd period - Stopped by Jonathan Bernier without a rebound.
16:51 of 3rd period - Nick Bjugstad wins face-off versus Derek Stepan in Jets zone.
16:52 of 3rd period - Snap shot by Tomas Kopecky.
16:52 of 3rd period - Shot Misses the Net.
17:39 of 3rd period - Slapshot by Jason Akeson.
17:39 of 3rd period - Stopped by James Reimer without a rebound.
17:40 of 3rd period - Riley Armstrong wins face-off versus Derek Roy in Red Wings zone.
18:07 of 3rd period - Marcus Johansson is hit by Peter Worrell and loses puck.
18:40 of 3rd period - Nick Bjugstad is hit by Tyler Myers and loses puck.
18:59 of 3rd period - Red Wings, James Reimer is pulled from the net.
19:05 of 3rd period - Marco Scandella is hit by Mike Richards and loses puck.
19:32 of 3rd period - Snap shot by Adam Henrique.
19:32 of 3rd period - Stopped by Jonathan Bernier without a rebound.
19:33 of 3rd period - Terry Murray call a timeout for Red Wings.
19:33 of 3rd period - Mike Richards wins face-off versus Riley Sheahan in Jets zone.
19:58 of 3rd period - Snap shot by Adam Henrique.
19:58 of 3rd period - Deflect By Mike Richards.
19:58 of 3rd period - Shot Misses the Net.
19:58 of 3rd period - Puck is out of play.
19:59 of 3rd period - Riley Sheahan wins face-off versus Mike Richards in Jets zone.
Goals for this period are 1 for Red Wings vs 0 for Jets.
Shots for this period are 10 for Red Wings vs 9 for Jets.